 Dungeon Sprint DCSS version 0.17-a0-1951-g62301d3 (webtiles) character file.

13 hexophile the Slasher (level 2, -9/24 HPs)
             Began as a Formicid Fighter on Oct 2, 2015.
             Mangled by an ogre
             ... wielding a +0 giant club
              (19 damage)
             ... in the Dungeon (Sprint IX: "|||||||||||||||||||||||||||||").
             The game lasted 00:00:27 (109 turns).

hexophile the Slasher (Formicid Fighter)             Turns: 109, Time: 00:00:27

Health: -9/24      AC: 11    Str: 25    XL:     2   Next: 50%
Magic:  2/2        EV:  8    Int:  7    God:
Gold:   0          SH:  9    Dex: 10    Spells: 0 memorised, 1 level left

rFire  . . .     SeeInvis +     l - +1 short sword (protect)
rCold  . . .     Clarity  .     b - +0 scale mail
rNeg   . . .     SustAt   .     c - +0 shield
rPois  .         Gourm    .     (helmet unavailable)
rElec  .         Spirit   .     (no cloak)
rCorr  .         Warding  .     (no gloves)
rMut   .         Stasis   +     (no boots)
MR     .....                    (no amulet)
Stlth  ..........               (no ring)
                                (no ring)

@: mighty, not resistant to hostile enchantments, extremely unstealthy
A: permanent stasis, dig shafts and tunnels, four strong arms, antennae 3
a: Dig


You were in the Dungeon.
You were not hungry.

You visited 1 branch


Innate Abilities, Weirdness & Mutations

You are under a permanent stasis effect.
You can dig through walls and to a lower floor.
Your four strong arms can wield two-handed weapons with a shield.
You have a pair of large antennae on your head (SInv).

Inventory:

Hand weapons
 a - a +0 long sword
 l - a +1 short sword of protection (weapon)
Armour
 b - a +0 scale mail (worn)
 c - a +0 shield (worn)
Scrolls
 k - a scroll of blinking
Potions
 f - a potion of curing
 h - a potion of haste
 i - 2 potions of magic
 j - a potion of berserk rage
Comestibles
 e - a bread ration


You had one spell level left.
You didn't know any spells.


   Skills:
 - Level 3.2 Fighting
 + Level 5.0 Long Blades
 - Level 3.2 Armour
 - Level 3.6 Shields

Dungeon Overview and Level Annotations

Branches:
Dungeon (1/1)

Altars:

Vault maps used:
D:        linesprint

Vault maps used:
D:        linesprint
You       could see a sky beast (invisible), an ogre, a crimson imp and a
          quokka.


Message History

Things that are here:
a short sword of protection; a club No target in view!
Things that are here:
a short sword of protection; a club
l - a short sword of protection Wield which item (- for none, * to show all)? (? for menu, Esc to quit)
You feel protected!
l - a +1 short sword of protection (weapon)
You start resting.
You open the door.
A quokka, a sky beast, an ogre, a crimson imp and a shadow imp come into view.
The crimson imp shouts!
The shadow imp shouts, "Disclaim thyself, thou qualling weather-bitten bum-bailey!"
The ogre shouts!
Your shield and scale mail prevent you from hitting the crimson imp.
The crimson imp blinks!
You closely miss the shadow imp. You block the crimson imp's attack.
The shadow imp gestures at you. Pain shoots through your body!
Ouch! That really hurt!
* * * LOW HITPOINT WARNING * * *
Read which item? (? for menu, Esc to quit)
Okay, then.
You hit the crimson imp.
The sky beast flickers out of sight for a moment.
The crimson imp blinks!
The shadow imp hits you but does no damage.
Unknown command.
Drink which item? (? for menu, Esc to quit)
You feel much better.
The shadow imp hits you but does no damage.
Drink which item? (? for menu, Esc to quit)
You feel very mighty all of a sudden.
The shadow imp hits you but does no damage.
You barely miss the shadow imp. The crimson imp hits you.
You block the shadow imp's attack.
You puncture the shadow imp! The crimson imp barely misses you.
The shadow imp hits you but does no damage.
You puncture the shadow imp!
You kill the shadow imp!
Your Long Blades skill gained 2 levels and is now at level 5!
You have reached level 2!
You block the crimson imp's attack.
You hit the ogre. The ogre hits you with a giant club!
The crimson imp barely misses you.
You puncture the ogre! The crimson imp hits you.
The ogre hits you with a giant club!!
Ouch! That really hurt!
You die...

Action                   || total
-------------------------++-------
Melee: Long sword        ||    31
       Short sword       ||     8
  Use: Potion            ||     2

Notes
Turn   | Place    | Note
--------------------------------------------------------------
     0 | D        | hexophile the Formicid Fighter began the quest for the Orb.
     0 | D        | Reached XP level 1. HP: 18/18 MP: 1/1
    99 | D        | Noticed a crimson imp
    99 | D        | Noticed an ogre
    99 | D        | Noticed a sky beast
   107 | D        | Reached skill level 5 in Long Blades
   107 | D        | Reached XP level 2. HP: 20/24 MP: 2/2
   109 | D        | Mangled by an ogre

Table legend:
 A = Turns spent in this place as a percentage of turns spent in the entire game.
 B = Non-inter-level travel turns spent in this place as a percentage of non-inter-level travel turns spent in the entire game.
 C = Inter-level travel turns spent in this place as a percentage of turns spent in this place.
 D = Turns resting spent in this place as a percentage of non-inter-level travel turns spent in this place.
 E = Turns spent auto-exploring this place as a percentage of non-inter-level travel turns spent in this place.
 F = Non-inter-level travel turns spent in this place divided by the number of levels of this place that you've seen.
                   A       B       C       D       E      F
               +-------+-------+-------+-------+-------+----------------------
         Total | 100.0 | 100.0 |   0.0 |   3.1 |   0.0 |  64.0
       Dungeon | 100.0 | 100.0 |   0.0 |   3.1 |   0.0 |  64.0
               +-------+-------+-------+-------+-------+----------------------

Table legend:
 A = Kills in this place as a percentage of kills in entire the game.
 B = Kills by you in this place as a percentage of kills by you in the entire game.
 C = Kills by friends in this place as a percentage of kills by friends in the entire game.
 D = Other kills in this place as a percentage of other kills in the entire game.
 E = Experience gained in this place as a percentage of experience gained in the entire game.
 F = Experience gained in this place divided by the number of levels of this place that you have seen.
                   A       B       C       D       E      F
               +-------+-------+-------+-------+-------+----------------------
         Total | 100.0 | 100.0 |  -nan |  -nan | 100.0 |  19.0
       Dungeon | 100.0 | 100.0 |  -nan |  -nan | 100.0 |  19.0
               +-------+-------+-------+-------+-------+----------------------

Vanquished Creatures
  A shadow imp (D)
  2 kobolds (D)
  A giant newt (D)
  A goblin (D)
  A rat (D)
6 creatures vanquished.
